 Dungeon Crawl Stone Soup version 0.30-a0-223-gcb0039aa0c (webtiles) character file.

Game seed: 2484194303846749433

26 qw the Shield-Bearer (level 3, -3/23 HPs)
             Began as a Gargoyle Fighter on Oct 9, 2022.
             Slain by Sigmund
             ... wielding a +2 vorpal scythe
              (6 damage)
             ... on level 2 of the Dungeon.
             The game lasted 00:00:19 (692 turns).

qw the Shield-Bearer (Gargoyle Fighter)              Turns: 692, Time: 00:00:19

Health: -3/23      AC: 10    Str: 21    XL:     3   Next: 8%
Magic:  3/3        EV:  9    Int:  8    God:
Gold:   31         SH:  4    Dex:  9    Spells: 2/2 levels left

rFire   + . .      SeeInvis .    Y - +0 war axe (freeze)
rCold   . . .      Faith    .    c - +0 buckler
rNeg    + . .      Spirit   .    b - +0 scale mail
rPois   inf        Reflect  .    (no helmet)
rElec   +          Harm     .    (no cloak)
rCorr   .          Rampage  .    (no gloves)
Will    .....                    (no boots)
Stlth   ..........               (no amulet)
HPRegen 0.23/turn                k - ring of protection from fire
MPRegen 0.08/turn                (no ring)

@: no status effects
A: sickness immunity, AC +3, negative energy resistance 1, electricity
resistance, torment resistance 1, petrification resistance
a: no special abilities


You were on level 2 of the Dungeon.
You visited 1 branch of the dungeon, and saw 2 of its levels.

You collected 31 gold pieces.


Innate Abilities, Weirdness & Mutations

You are immune to sickness and miasma.
Your stone body is resilient. (AC +3)
You are immune to poison.
You resist negative energy. (rN+)
You are resistant to electric shocks. (rElec)
You are resistant to unholy torment.
You are immune to petrification.


   Skills:
 - Level 3.2 Fighting
 + Level 3.1 Axes
 - Level 3.2 Armour
 - Level 3.2 Shields


You had 2 spell levels left.
You didn't know any spells.
Your spell library was empty.

Inventory:

Hand Weapons
 e - a +0 whip
 Y - a +0 war axe of freezing (weapon)
Armour
 b - a +0 scale mail (worn)
 c - a +0 buckler (worn)
Jewellery
 k - a ring of protection from fire (left hand)
Potions
 d - a potion of might
 f - a potion of lignification
 h - a potion of cancellation {unknown}
 l - a potion of mutation {unknown}
 m - a potion of curing {unknown}

Dungeon Overview and Level Annotations

Branches:
Dungeon (2/15)

Altars:

Annotations:
D:2 Sigmund


Message History

Sigmund shouts!
The kobold shouts! x2
Found a scroll labelled POEWAR GEFISI.
There is a stone staircase leading up here.
There are monsters nearby!
Existing waypoints: (2) D:1 Assign waypoint to what number? (0-9, D - delete waypoint) Waypoint 1 assigned to D:2.
Enter note: The kobold closely misses you.
You hit the kobold. You freeze the kobold.
You kill the kobold!
The kobold closely misses you.
Sigmund zaps a wand.
The roots erupt in riotous growth!
The grasping roots grab you!
The kobold is unaffected.
The grasping roots constrict you.
You closely miss the kobold. The kobold hits you but does no damage.
The grasping roots constrict you.
The grasping roots release their grip on you.
You closely miss the kobold. The kobold hits you but does no damage.
Sigmund casts a spell at you. You resist with significant effort.
The kobold barely misses you.
You barely miss the kobold. The kobold barely misses you.
Sigmund zaps a wand.
The roots erupt in riotous growth!
The grasping roots grab you!
The kobold is unaffected.
The grasping roots constrict you.
You hit the kobold. You freeze the kobold.
You kill the kobold!
You block Sigmund's attack. The grasping roots constrict you.
The roots grasp on you weakens, but your attempt to escape fails.
Sigmund hits you from afar with a +2 vorpal scythe.
The grasping roots constrict you.
The grasping roots release their grip on you.
You closely miss Sigmund.
Sigmund hits you with a +2 vorpal scythe.
You closely miss Sigmund.
Sigmund hits you with a +2 vorpal scythe.
You die...

##########
#........#
#........#
#........#
#........#
#........#
#.....@..#
#....)@<.#
#........#
#.....)..#
####..####
#... ...#.
#.###. #.
#. . #.


You could see Sigmund.

Vanquished Creatures
  A dart slug (D:1)
  2 endoplasms (D:1)
  3 giant cockroaches (D:1)
  4 goblins (D:1)
  2 hobgoblins (D:1)
  2 bats (D:1)
  2 frilled lizards (D:1)
  4 kobolds
  A rat (D:1)
21 creatures vanquished.

Notes
Turn   | Place    | Note
-------+----------+-------------------------------------------
     0 | D:1      | qw the Gargoyle Fighter began the quest for the Orb.
     0 | D:1      | Reached XP level 1. HP: 14/14 MP: 1/1
     0 | D:1      | 0 ||| qw: Version: 0.2-a-17-g06abaee
     0 | D:1      | 0 ||| qw: Game counter: 2109
     0 | D:1      | 0 ||| qw: Always use a shield: true
     0 | D:1      | 0 ||| qw: God list: Okawaru
     0 | D:1      | 0 ||| qw: Allow faded altars: false
     0 | D:1      | 0 ||| qw: Do Orc after D:15 true
     0 | D:1      | 0 ||| qw: Do second Lair branch before Depths: true
     0 | D:1      | 0 ||| qw: Lair rune preference: random
     0 | D:1      | 0 ||| qw: Plans: Normal, Zot:1-4, God:TSO, Crypt, Tomb,
                  | Pan, Slime:5, Hells, Abyss, Orb
     0 | D:1      | 0 ||| PLANNING D:1-11
   240 | D:1      | Reached XP level 2. HP: 19/19 MP: 2/2
   252 | D:1      | 252 ||| Stepping ~*~*~tactically~*~*~ (stealth).
   382 | D:1      | 382 ||| Stepping ~*~*~tactically~*~*~ (stealth).
   383 | D:1      | 383 ||| Stepping ~*~*~tactically~*~*~ (stealth).
   386 | D:1      | 386 ||| Stepping ~*~*~tactically~*~*~ (stealth).
   418 | D:1      | 418 ||| Stepping ~*~*~tactically~*~*~ (hiding).
   425 | D:1      | Reached skill level 3 in Axes
   604 | D:1      | Reached XP level 3. HP: 21/23 MP: 3/3
   618 | D:1      | 618 ||| UPGRADING to ring of protection from fire.
   619 | D:1      | 619 ||| READING scroll labelled VYIGIN IRYLL.
   620 | D:1      | 620 ||| READING scroll labelled QOF WIDIOSYT.
   621 | D:1      | 621 ||| READING scroll labelled RUOCAMNOYTE.
   622 | D:1      | 622 ||| DRINKING 2 silvery potions.
   681 | D:2      | Noticed Sigmund
   691 | D:2      | HP: 5/23 [Sigmund/+2 vorpal scythe (5)]
   692 | D:2      | Slain by Sigmund

Levels and vault maps discovered:
D:1:      shiori_shiawase, layout_basic
D:2:      layout_rooms, basic_altar, uniq_sigmund

Skill      XL: |  1  2 |
---------------+-------+-----
Axes           | 2 3 |  3.1
Fighting       | |  3.2
Armour         | |  3.2
Shields        | |  3.2

Action                   || total
-------------------------++-------
Melee: War axe           ||    61
  Use: Scroll            ||     3
       Potion            ||     1
Armor: Scale mail        ||    24
Dodge: Dodged            ||    17
Block: Buckler           ||    13

Table legend:
 A = Non-vault XP
 B = Vault XP
 C = Vault XP percentage of total XP
 D = Non-vault monster count
 E = Vault monster count
 F = Vault count percentage of total count
                 A         B        C        D         E       F
            +---------+---------+-------+---------+---------+-------
      Total |      38 |       0 |   0.0 |      21 |       0 |   0.0
            +---------+---------+-------+---------+---------+-------
        D:1 |      34 |       0 |   0.0 |      19 |       0 |   0.0
        D:2 |       4 |       0 |   0.0 |       2 |       0 |   0.0
            +---------+---------+-------+---------+---------+-------
